 Dungeon Crawl Stone Soup version 0.28.0-45-g0d030f2227 (webtiles) character file.

Game seed: 3830134952248310080

1795 MajorAdolf the Covert (level 9, -2/70 HPs)
             Began as a Naga Wanderer on May 18, 2022.
             Was an Initiate of Gozag.
             Slain by an orc warrior
             ... wielding a +1 scimitar of flaming
              (3 damage)
             ... on level 8 of the Dungeon.
             The game lasted 00:30:35 (14886 turns).

MajorAdolf the Covert (Naga Wanderer)              Turns: 14886, Time: 00:30:36

Health: -2/70      AC:  8    Str: 12    XL:     9   Next: 9%
Magic:  14/17      EV:  9    Int: 19    God:    Gozag
Gold:   112        SH:  0    Dex: 11    Spells: 10/18 levels left

rFire   + . .      SeeInvis +   t - +2 dagger (protect)
rCold   + . .      Faith    .   (no shield)
rNeg    . . .      Spirit   .   I - +0 robe {rC+}
rPois   +          Reflect  .   J - +1 helmet {SInv}
rElec   .          Harm     .   A - +1 cloak
rCorr   .          Rampage  .   (no gloves)
Will    +....                   (no barding)
Stlth   ++++......              (no amulet)
HPRegen 0.21/turn               l - ring of wizardry
MPRegen 0.15/turn               p - ring of protection from fire

@: short of breath, gold aura, very slow
A: AC +3, large, see invisible, deformed body, poison resistance, slowness 2,
spit poison 1, naga tail 1
a: Spit Poison, Renounce Religion, Potion Petition, Call Merchant, Bribe Branch


You were on level 8 of the Dungeon.
You worshipped Gozag.
Gozag was aware of your devotion.
You visited 2 branches of the dungeon, and saw 10 of its levels.
You also visited: Bailey.

You collected 1119 gold pieces.
You spent 346 gold pieces at shops.
You paid 661 gold pieces to Gozag.

Inventory:

Hand Weapons
 a - a +0 dagger
 g - a +0 hunting sling
 t - a +2 dagger of protection (weapon)
Missiles
 b - an atropa-tipped dart
 c - a datura-tipped dart
 f - 201 stones
 i - 80 sling bullets
 u - a throwing net
 z - 3 poisoned darts
Armour
 A - a +1 cloak (worn)
 I - a +0 robe of cold resistance (worn)
 J - a +1 helmet of see invisible (worn)
Jewellery
 l - a ring of wizardry (left hand)
 p - a ring of protection from fire (right hand)
Wands
 y - a wand of acid (7)
Scrolls
 d - a scroll of fog {unknown}
 k - 4 scrolls of enchant weapon
 m - a scroll of summoning
 o - 2 scrolls of identify
 q - a scroll of enchant armour
 r - a scroll of teleportation
 C - a scroll of amnesia {unknown}
 D - a scroll of vulnerability {unknown}
 H - a scroll of acquirement
Potions
 h - 3 potions of mutation
 j - a potion of invisibility {unknown}
 n - a potion of flight {unknown}
 v - a potion of berserk rage {unknown}
 w - 5 potions of might {unknown}
 x - a potion of magic {unknown}
 B - a potion of resistance {unknown}
 E - a potion of cancellation {unknown}
 F - a potion of degeneration {unknown}
 G - a potion of haste {unknown}


   Skills:
 + Level 1.4 Fighting
 - Level 1.0 Armour
 - Level 10.0 Stealth
 + Level 5.3 Spellcasting
 - Level 3.0 Transmutations
 - Level 3.0 Fire Magic
 - Level 6.0 Ice Magic
 + Level 4.8 Poison Magic
 + Level 1.7 Evocations


You had 10 spell levels left.
You knew the following spells:

 Your Spells              Type           Power      Damage    Failure   Level
a - Freeze                Ice            100%       1d11      1%          1
b - Ozocubu's Armour      Ice            27%        N/A       1%          3
c - Ignite Poison         Fire/Tmut/Pois 18%        N/A       3%          3
d - Beastly Appendage     Tmut           32%        N/A       1%          1

Your spell library contained the following spells:

 Spells                   Type           Power      Damage    Failure   Level
 Static Discharge         Conj/Air       5%         N/A       8%          2
 Conjure Flame            Conj/Fire      10%        6-21      8%          3
 Sticky Flame             Conj/Fire      10%        2d3       26%         4
 Blade Hands              Tmut           8%         N/A       34%         5
 Dispel Undead            Necr           5%         3d7       41%         4


Dungeon Overview and Level Annotations

Branches:
Dungeon (9/15)             Temple (1/1) D:4          Bailey (visited)
   Lair: D:8-11         Orc: D:9-12

Altars:
Ashenzari
Cheibriados
Dithmenos
Elyvilon
Gozag
Hepliaklqana
Makhleb
Okawaru
Sif Muna
Trog
Uskayaw
Vehumet
Wu Jian
Xom
Yredelemnul
Zin
The Shining One

Shops:
D:3 [   D:8 [

Annotations:
D:3 3 runed translucent doors, Garym's ghost, weakling MiBe
D:4 exclusion: ice beast
D:6 exclusion: acid dragon


Innate Abilities, Weirdness & Mutations

Your serpentine skin is tough. (AC +3)
You have supernaturally acute eyesight. (SInv)
Armour fits poorly on your strangely shaped body.
Your system is resistant to poisons. (rPois)
You cover ground very slowly.
You can spit poison.
You have a snake-like lower body.


Message History

Unknown command.
The orc hits you but does no damage.
The orc warrior hits you with a +1 scimitar of flaming!
The orc warrior burns you. The orc hits you with a +0 club.
You climb upwards.
There is a stone staircase leading down here.
Unknown command.
The orc barely misses you.
You see here a +0 spear.
Aiming: Spit Poison (1% risk of failure)
Press: ? - help, Shift-Dir - straight line, f - orc warrior
Aim: an orc warrior, wielding a +1 scimitar of flaming and wearing a +0 chain mail (60% to hit)
The splash of poison hits the orc warrior!
The orc warrior is poisoned.
The orc warrior is moderately wounded.
The orc warrior hits you with a +1 scimitar of flaming!!
The orc warrior burns you.
Casting: Freeze (safe; 1% risk of failure)
Confirm with . or Enter, or press ? or * to list all spells.
You ignite the poison in your surroundings!
The orc warrior seems to burn from within!
The orc warrior is almost dead.
The orc warrior hits you with a +1 scimitar of flaming!!
* * * LOW HITPOINT WARNING * * *
The orc warrior burns you.
* * * LOW HITPOINT WARNING * * *
Unknown command.
Unknown command.
Okay, then.
Aiming: Corrosive Bolt
Press: ? - help, Shift-Dir - straight line, f - orc, p - orc warrior
Aim: an orc, wielding a +0 club (71% to hit)
The bolt of acid misses the orc warrior.
The bolt of acid hits the orc!
The acid corrodes the orc!
You kill the orc!
The bolt of acid hits the orc!
The acid corrodes the orc!
You kill the orc!
The orc warrior hits you with a +1 scimitar of flaming.
You die...
Your body crumbles into a pile of gold.

#.######.#.......##.#####
#..........#.....##.#
########.#.......##.#
#.####.......# #.####.#.#####
#........# ######.###
########### #.# #.........#
#@# #########.# #o# ##8##
#.###$## ##...#####.##>$.##
###### #8...8#.....[))..#
#..... ##.....####.##[∩..#
#.#### #8.._.....#.##....# #.#
#
##.....##...#.....#########.##
#
#8...8#######...............#
#


You could see an orc warrior.

Vanquished Creatures
  A water moccasin (D:7)
  An ice beast (D:6)
  A necrophage (D:5)
  A sky beast (D:7)
  2 centaurs
  A phantom (D:6)
  A bullfrog (D:7)
  A wyvern zombie (D:8)
  A kobold brigand (D:4)
  A gnoll sergeant (D:9)
  2 scorpions
  A water moccasin skeleton (D:5)
  A centaur zombie (D:6)
  A hound (D:5)
  4 jellies
  An orc priest (D:9)
  A bullfrog skeleton (D:6)
  A centaur skeleton (D:7)
  An iguana (D:7)
  Terence (D:2)
  3 orc wizards
  A killer bee zombie (D:5)
  A hound skeleton (D:4)
  2 howler monkey zombies
  9 gnolls
  4 adders
  A shadow imp (D:5)
  A white imp (D:5)
  An ufetubus (D:6)
  2 worms
  31 orcs
  3 ball pythons
  7 bats
  9 endoplasms
  3 giant cockroaches (D:4)
  13 goblins
  5 hobgoblins
  17 kobolds
  3 quokkas
  A frilled lizard (D:3)
  A giant cockroach zombie (D:3)
  A jackal zombie (D:3)
  4 rats
148 creatures vanquished.

Vanquished Creatures (collateral kills)
  4 orcs (D:7)
4 creatures vanquished.

Vanquished Creatures (others)
  2 plants (D:1)
2 creatures vanquished.

Grand Total: 154 creatures vanquished

Notes
Turn   | Place    | Note
-------+----------+-------------------------------------------
     0 | D:1      | MajorAdolf the Naga Wanderer began the quest for the Orb.
     0 | D:1      | MajorAdolf set off with the following items: a +0 dagger,
                  | an atropa-tipped dart, a datura-tipped dart, a potion of
                  | curing, a +0 robe; and the following spell memorised:
                  | Freeze; and the following spells available to memorise:
                  | Ozocubu's Armour
     0 | D:1      | Reached XP level 1. HP: 15/15 MP: 2/2
   248 | D:1      | Reached XP level 2. HP: 22/22 MP: 1/3
   579 | D:1      | Reached skill level 5 in Stealth
  1221 | D:1      | Found a faded altar of an unknown god.
  1492 | D:1      | Reached XP level 3. HP: 14/28 MP: 5/5
  2641 | D:2      | Learned a level 3 spell: Ozocubu's Armour
  2676 | D:2      | Noticed Terence
  3706 | D:3      | Reached XP level 4. HP: 36/36 MP: 7/7
  4446 | D:3      | Found a runed translucent gate.
  4446 | D:3      | Found a runed translucent gate.
  4446 | D:3      | Found a runed translucent gate.
  4446 | D:3      | Noticed Garym's ghost (weakling MiBe)
  4467 | D:3      | Found a basalt altar of Yredelemnul.
  4594 | D:3      | Reached skill level 6 in Stealth
  5011 | D:3      | Found Zurevul's Armour Boutique.
  5075 | D:3      | Reached XP level 5. HP: 42/42 MP: 6/8
  5268 | D:4      | Found a staircase to the Ecumenical Temple.
  5305 | Temple   | Entered the Ecumenical Temple
  5752 | D:4      | Noticed a kobold brigand
  5759 | D:4      | Killed a kobold brigand
  5760 | D:4      | Reached skill level 5 in Ice Magic
  6025 | D:4      | Reached skill level 7 in Stealth
  6025 | D:4      | Reached XP level 6. HP: 32/49 MP: 4/10
  6266 | D:4      | Noticed an ice beast
  6541 | D:4      | Found an opulent altar of Gozag.
  6584 | D:4      | Became a worshipper of Gozag Ym Sagoz the Greedy
  6764 | D:5      | Entered Level 5 of the Dungeon
  6947 | D:5      | Found an iron altar of Okawaru.
  6947 | D:5      | Noticed a necrophage
  6977 | D:5      | Killed a necrophage
  6978 | D:5      | Reached XP level 7. HP: 38/55 MP: 10/12
  7074 | D:5      | Found a shimmering blue altar of Sif Muna.
  7851 | D:5      | Reached skill level 8 in Stealth
  8114 | D:5      | Got the Catalogue of Changing and Venom
  8129 | D:5      | Learned a level 3 spell: Ignite Poison
  8420 | D:2      | Killed Terence
  8514 | D:2      | Learned a level 1 spell: Beastly Appendage
  8670 | D:6      | Found a broken altar of Ashenzari.
  9032 | D:7      | Reached skill level 1 in Poison Magic
  9074 | D:7      | Found a bloodstained altar of Trog.
  9143 | D:7      | Reached skill level 1 in Transmutations
  9143 | D:7      | Reached skill level 1 in Fire Magic
  9189 | D:7      | Found a flagged portal.
  9197 | Bailey   | Entered a bailey
  9391 | Bailey   | Noticed an orc warlord
  9498 | Bailey   | Reached XP level 8. HP: 62/62 MP: 10/14
 10387 | D:7      | Reached skill level 9 in Stealth
 11685 | D:6      | HP: 1/62 [ice beast (13)]
 12159 | D:6      | Reached skill level 5 in Spellcasting
 12483 | D:6      | Found a glowing silver altar of Zin.
 13155 | D:8      | Reached skill level 10 in Stealth
 13887 | D:8      | Reached XP level 9. HP: 69/69 MP: 13/16
 14107 | D:8      | Found an ornate altar of the Wu Jian Council.
 14332 | D:9      | Reached skill level 1 in Fighting
 14850 | D:8      | Bought an embroidered robe for 114 gold pieces
 14850 | D:8      | Bought a runed helmet for 232 gold pieces
 14885 | D:8      | HP: 1/70 [orc warrior/+1 scimitar of flaming (3)]
 14886 | D:8      | Slain by an orc warrior

Illustrated notes

Levels and vault maps discovered:
D:1:      dpeg_arrival_fog, layout_basic, serial_forest,
          infiniplex_forest_straight_3, infiniplex_forest_corner_1,
          infiniplex_forest_corner_1, infiniplex_forest_lined_room_,
          infiniplex_forest_zigzag_1, infiniplex_forest_zigzag_1,
          infiniplex_forest_clump_small, infiniplex_forest_end_double,
          infiniplex_forest_lined_room_2, infiniplex_forest_clump_curved,
          basic_ecumenical_altar, palyth_stone_intersect,
          hangedman_abyss_or_decor_stabs
D:2:      layout_basic, kennysheep_generic_room_12, uniq_terence
D:3:      layout_rooms, nicolae_yredelemnul_ghost_church, serial_shops,
          nicolae_shop_hallway_plus
D:4:      layout_loops_ring, old_standard_altar, minmay_temple_entry_hall,
          dk_noncrumbling_4, minmay_misc_feat_tiny
D:5:      layout_basic, jmf_multi_god_temple, minmay_tree_intersection
D:6:      layout_loops_ring, zin_scriptorium, general_overflow_altar
D:7:      layout_basic, kennysheep_mini_moat, enter_bailey_3,
          chequers_serial_rivers_small_a
D:8:      layout_loops_corners, nzn_wu_jian_council_hall,
          nicolae_concentric_dashed_squares_wild
D:9:      layout_rooms, erik_lair_dragon, hiddenorc1_lemuel, evilmike_butchery,
          uniq_harold, uniq_prince_ribbit1
Temple:   compressed_dpeg_triangle_lava_temple

Skill      XL: |  1  2  3  4  5  6  7  8  9 |
---------------+----------------------------+-----
Stealth        | 5 6 7 8 10 | 10.0
Spellcasting   | 2 3 4 5 |  5.3
Ice Magic      | 5 6 |  6.0
Poison Magic   | 2 4 |  4.8
Transmutations | 1 3 |  3.0
Fire Magic     | 1 3 |  3.0
Fighting       | 1 |  1.4
Armour         | |  1.0
Evocations     | |  1.7

Action                   |  1- 3 |  4- 6 |  7- 9 || total
-------------------------+-------+-------+-------++-------
Melee: Dagger            |    12 |    49 |   294 ||   355
       Punch             |       |       |     8 ||     8
 Fire: Hunting sling     |       |       |     2 ||     2
Throw: Dart              |       |     1 |       ||     1
 Cast: Freeze            |    18 |    43 |    80 ||   141
       Ozocubu's Armour  |       |     2 |    16 ||    18
       Ignite Poison     |       |       |    13 ||    13
       Beastly Appendage |       |       |     1 ||     1
Invok: Call Merchant     |       |       |     1 ||     1
 Abil: Spit Poison       |    56 |    20 |    67 ||   143
Evoke: Wand              |       |       |     1 ||     1
  Use: Scroll            |       |       |     8 ||     8
       Potion            |       |       |     3 ||     3
 Stab: Sleeping          |       |     1 |     2 ||     3
Armor: Robe              |       |    32 |   242 ||   274
Dodge: Dodged            |     6 |    41 |   166 ||   213
